[Event "FIDE World Cadets GU12 2022"]
[Site "Batumi"]
[Date "2022.09.20"]
[Round "5.19"]
[White "Khafizova, Diana"]
[Black "Semenova, Vasilisa"]
[Result "1-0"]
[ECO "D02"]
[WhiteElo "1411"]
[BlackElo "1332"]
[Annotator "NA COMBH"]
[PlyCount "177"]
[EventDate "2022.09.16"]
[EventType "swiss"]
[EventCountry "GEO"]
[SourceTitle "playchess.com"]
[Source "ChessBase"]
[SourceQuality "1"]
[TimeControl "5400+30"]

1. d4 d5 2. Bf4 Nf6 3. e3 e6 4. Nf3 Bd6 5. Bg3 O-O 6. c4 c6 7. Nc3 Ne4 8. Qc2 f5 9. Bd3 Qe7 10. Bh4 Qe8 11. Qb3 Nd7 12. O-O Ndf6 13. Ne2 Qh5 14. Ng3 Bxg3 15. Bxg3 Nxg3 16. hxg3 Ne4 17. Qd1 Nf6 18. Ne5 Qxd1 19. Rfxd1 Nd7 20. f4 Nxe5 21. dxe5 Rd8 22. Be2 Bd7 23. Kf2 Be8 24. Rac1 dxc4 25. Bxc4 Bf7 26. e4 fxe4 27. Ke3 Kf8 28. Kxe4 Ke7 29. Ke3 Bh5 30. Rh1 Bg6 31. g4 Rh8 32. Rcd1 Rad8 33. Be2 Rxd1 34. Rxd1 h6 35. g3 Rd8 36. Rf1 Bf7 37. Bc4 h5 38. gxh5 Bxh5 39. g4 Bf7 40. Rh1 Bg6 41. Rg1 b5 42. Be2 Rd5 43. Rc1 Be8 44. Bf3 Rd8 45. Be4 Kf8 46. Rc2 Rc8 47. b4 Kf7 48. f5 exf5 49. gxf5 a5 50. a3 axb4 51. axb4 Ra8 52. Kd4 Rd8+ 53. Kc5 Ke7 54. Rg2 Kf8 55. Rc2 Ke7 56. Ra2 Rd1 57. Rc2 Re1 58. f6+ gxf6 59. exf6+ Kxf6 60. Bxc6 Bxc6 61. Kxc6 Re5 62. Rc5 Re4 63. Kxb5 Ke6 64. Ka5 Kd6 65. Rc1 Kd7 66. b5 Re6 67. b6 Re2 68. Ka6 Ra2+ 69. Kb7 Ra3 70. Rc4 Kd6 71. Kb8 Kd7 72. Rc2 Ra1 73. b7 Kd8 74. Rd2+ Ke7 75. Rd4 Ra2 76. Kc7 Rc2+ 77. Kb6 Rb2+ 78. Kc6 Rc2+ 79. Kb5 Rb2+ 80. Rb4 Rxb4+ 81. Kxb4 Kf7 82. b8=Q Kg7 83. Qf4 Kh8 84. Qg5 Kh7 85. Kc5 Kh8 86. Kd6 Kh7 87. Ke7 Kh8 88. Kf7 Kh7 89. Qg7# 1-0

[Event "FIDE World Cadets GU12 2022"]
[Site "Batumi"]
[Date "2022.09.21"]
[Round "6.1"]
[White "Kaliakhmet, Elnaz"]
[Black "Merkulova, Victoria"]
[Result "1-0"]
[ECO "A57"]
[WhiteElo "1864"]
[BlackElo "1715"]
[Annotator "NA RC COMBH"]
[PlyCount "101"]
[EventDate "2022.09.16"]
[EventType "swiss"]
[EventCountry "GEO"]
[SourceTitle "playchess.com"]
[Source "ChessBase"]
[SourceQuality "1"]
[TimeControl "5400+30"]

1. d4 Nf6 2. c4 c5 3. d5 b5 4. cxb5 a6 5. e3 axb5 6. Bxb5 Qa5+ 7. Nc3 Bb7 8. Bd2 Qb6 9. Bc4 e6 10. Nf3 exd5 11. Bb3 Bd6 12. O-O O-O 13. Rc1 Na6 14. h3 Bc6 15. Nh4 Rfe8 16. Nf5 Bf8 17. Qf3 g6 18. Nh6+ Bxh6 19. Qxf6 Qb7 20. Nxd5 Bg7 21. Ne7+ Rxe7 22. Qxe7 d5 23. Qxb7 Bxb7 24. Rfd1 c4 25. Bc2 Nc5 26. Bb4 Ne6 27. b3 Rxa2 28. bxc4 dxc4 29. Bb1 Ra4 30. Rxc4 Ba6 31. Bc2 Ra2 32. Rc6 Bb7 33. Rb6 Rxc2 34. Rxb7 Be5 35. f4 Bc7 36. Bd6 Ba5 37. Be5 Rc8 38. Rb8 Rxb8 39. Bxb8 Bb6 40. Kf2 Nc5 41. Kf3 f5 42. Be5 Ne4 43. Rd7 Bc5 44. Rg7+ Kf8 45. Rxh7 Be7 46. Rh8+ Kf7 47. Ra8 Nd2+ 48. Ke2 Ne4 49. g4 fxg4 50. hxg4 Ke6 51. Bd4 1-0

[Event "FIDE World Cadets GU12 2022"]
[Site "Batumi"]
[Date "2022.09.21"]
[Round "6.2"]
[White "Shubhi Gupta"]
[Black "Aydogan, Arya"]
[Result "1-0"]
[ECO "D00"]
[WhiteElo "1733"]
[BlackElo "1489"]
[Annotator "NA RC COMBH"]
[PlyCount "81"]
[EventDate "2022.09.16"]
[EventType "swiss"]
[EventCountry "GEO"]
[SourceTitle "playchess.com"]
[Source "ChessBase"]
[SourceQuality "1"]
[TimeControl "5400+30"]

1. d4 d5 2. Nc3 Bf5 3. Bf4 Nf6 4. e3 e6 5. f3 Bd6 6. g4 Bxf4 7. exf4 Bg6 8. Qe2 Qe7 9. O-O-O Nbd7 10. Re1 h6 11. h4 O-O-O 12. f5 Bh7 13. g5 Nh5 14. g6 Ng3 15. Qh2 Nxf1 16. Nxd5 exd5 17. Rxe7 Nxh2 18. gxh7 Nf1 19. Ne2 Rde8 20. Rxe8+ Rxe8 21. Rxf1 Nf6 22. Nf4 Nxh7 23. Rg1 g5 24. fxg6 fxg6 25. Rxg6 c6 26. Rxh6 Rf8 27. Ng6 Rf7 28. Ne5 Rg7 29. f4 Kc7 30. f5 Rg1+ 31. Kd2 Rg2+ 32. Kd3 Nf8 33. Rh8 Rg3+ 34. Ke2 Nd7 35. Rh7 Rg2+ 36. Kf3 Rxc2 37. Rxd7+ Kb6 38. f6 Rxb2 39. f7 Rb1 40. Kf4 Rf1+ 41. Nf3 1-0

[Event "FIDE World Cadets GU12 2022"]
[Site "Batumi"]
[Date "2022.09.21"]
[Round "6.3"]
[White "Mgeladze, Kesaria"]
[Black "Shreya G Hipparagi"]
[Result "1-0"]
[ECO "C45"]
[WhiteElo "1771"]
[BlackElo "1574"]
[Annotator "NA RC COMBH"]
[PlyCount "51"]
[EventDate "2022.09.16"]
[EventType "swiss"]
[EventCountry "GEO"]
[SourceTitle "playchess.com"]
[Source "ChessBase"]
[SourceQuality "1"]
[TimeControl "5400+30"]

1. e4 e5 2. Nf3 Nc6 3. d4 exd4 4. Nxd4 Bc5 5. Nb3 Bb6 6. Qe2 d6 7. Be3 Be6 8. Nc3 Qe7 9. g3 Ne5 10. Bxb6 axb6 11. Bg2 Nf6 12. O-O-O O-O-O 13. Nd4 Bd7 14. h3 Nc6 15. Ndb5 Rhe8 16. Qc4 Be6 17. Qa4 Nd7 18. Qa8+ Ndb8 19. e5 d5 20. Nxd5 Bxd5 21. Bxd5 Rxd5 22. Rxd5 Qg5+ 23. Kb1 Qf5 24. Rhd1 Qxh3 25. f4 Qxg3 26. Rd7 1-0

[Event "FIDE World Cadets GU12 2022"]
[Site "Batumi"]
[Date "2022.09.21"]
[Round "6.4"]
[White "Urangoo, Gurvanbaatar"]
[Black "Ismayilova, Khanim"]
[Result "0-1"]
[ECO "B33"]
[WhiteElo "1391"]
[BlackElo "1901"]
[Annotator "TA"]
[PlyCount "86"]
[EventDate "2022.09.16"]
[EventType "swiss"]
[EventCountry "GEO"]
[SourceTitle "playchess.com"]
[Source "ChessBase"]
[SourceQuality "1"]
[TimeControl "5400+30"]

1. e4 c5 2. Nf3 Nc6 3. d4 cxd4 4. Nxd4 Nf6 5. Nc3 e5 6. Ndb5 d6 7. Bg5 a6 8. Na3 b5 9. Nd5 Be7 10. Bxf6 Bxf6 11. c4 b4 12. Nc2 a5 13. Qf3 {[%emt 0:00:00] B33: Sicilian: Pelikan and Sveshnikov Variations.} Bg5 14. h4 Be7 15. Rd1 {[%emt 0:03:30][%cal Oc4c5] The position is equal.} Be6 16. c5 {[%emt 0:03:30] aiming for Bb5.} dxc5 {[%emt 0:23:30] [#]} 17. Nf6+ {[%emt 0:07:30][%mdl 64] Discovered Attack} Bxf6 18. Rxd8+ Rxd8 19. Bb5 {[%emt 0:00:30] [#]} Rd6 $146 ({Predecessor:} 19... Bd7 20. g3 O-O 21. O-O Nd4 22. Nxd4 cxd4 23. Bxd7 Rxd7 24. Qf5 Rc7 25. f3 Rd8 {0-1 (62) Weishaeutel,M (1431)-Svane,F (1715) Oberhof 2013}) 20. b3 (20. Ne3 $14) 20... O-O $15 21. O-O Nd4 22. Nxd4 cxd4 23. Rc1 $1 Bxh4 24. Rc5 Bf6 25. Qd3 Rc8 26. Rxc8+ Bxc8 27. Qc2 Rd8 28. Bd3 {[%emt 0:02:30][%mdl 1024] White has strong compensation.} Be6 29. Qc7 Ra8 (29... g6 $14) 30. g3 (30. Bc4 $1 $16) 30... g6 31. Kf1 (31. Bc4 $14) 31... Kg7 $11 32. Qc5 h5 33. f4 (33. Qb5 $11 {keeps the balance.}) 33... Rc8 $1 $17 34. Qxa5 Rc3 35. Ke2 {[%emt 0:09:33][%mdl 8192] [#]} (35. Qb5 $17) 35... h4 $1 $19 36. f5 {[%emt 0:04:50] [#]} h3 $1 37. Kf2 Bxf5 (37... Rc1 $19 {has better winning chances. ( -> ...h2)} 38. Bf1 h2) 38. exf5 $17 {[%emt 0:01:34] Strongly threatening Bc4.} Rxd3 $19 {[%emt 0:00:13] KQ-KRB} 39. g4 $2 (39. fxg6 $17 Kxg6 40. Qa8) 39... Bh4+ {[%emt 0:01:42] Black mates.} 40. Kf1 Re3 41. f6+ Kh7 42. Qxb4 Re1+ 43. Qxe1 Bxe1 {[%emt 0:00:00] Weighted Error Value: White=0.53/Black=0.24 (precise)} 0-1

[Event "FIDE World Cadets GU12 2022"]
[Site "Batumi"]
[Date "2022.09.21"]
[Round "6.5"]
[White "Kholyavko, Mariya"]
[Black "Maklakova, Naomi"]
[Result "1-0"]
[ECO "C45"]
[WhiteElo "1421"]
[BlackElo "1635"]
[Annotator "NA RC COMBH"]
[PlyCount "111"]
[EventDate "2022.09.16"]
[EventType "swiss"]
[EventCountry "GEO"]
[SourceTitle "playchess.com"]
[Source "ChessBase"]
[SourceQuality "1"]
[TimeControl "5400+30"]

1. e4 e5 2. Nf3 Nc6 3. d4 exd4 4. Nxd4 Nf6 5. Nxc6 bxc6 6. e5 Qe7 7. Qe2 Nd5 8. c4 Ba6 9. b3 g6 10. f4 Bg7 11. Qf2 Nf6 12. Be2 Ne4 13. Qe3 Nd6 14. Nd2 Nf5 15. Qf2 c5 16. Bb2 Bb7 17. O-O O-O 18. Bf3 Bxf3 19. Qxf3 Nd4 20. Bxd4 cxd4 21. Qd5 d6 22. Qxd4 dxe5 23. Qe3 Qd6 24. Ne4 exf4 25. Qf3 Qe7 26. Rad1 Rae8 27. Rfe1 f5 28. Nc3 Qb4 29. Rxe8 Rxe8 30. Ne2 Qc5+ 31. Kf1 Qe3 32. Nxf4 Qxf3+ 33. gxf3 Re3 34. Kf2 Rc3 35. Rd8+ Kf7 36. Rd7+ Kg8 37. Rxc7 Rc2+ 38. Kf1 Be5 39. Rc8+ Kf7 40. Nd5 Rxa2 41. f4 Bd6 42. c5 Rc2 43. Rc6 Bxc5 44. b4 Rc1+ 45. Ke2 Be3 46. Rf6+ Kg7 47. Kxe3 Rh1 48. Ra6 Rxh2 49. Rxa7+ Kf8 50. b5 Rb2 51. b6 h5 52. b7 h4 53. Ra8+ Kg7 54. b8=Q Rxb8 55. Rxb8 h3 56. Kf3 1-0

[Event "FIDE World Cadets GU12 2022"]
[Site "Batumi"]
[Date "2022.09.21"]
[Round "6.6"]
[White "Yousefian, Maedeh"]
[Black "Saparya Ghosh"]
[Result "1-0"]
[ECO "C28"]
[WhiteElo "1765"]
[BlackElo "1563"]
[Annotator "NA RC COMBH"]
[PlyCount "94"]
[EventDate "2022.09.16"]
[EventType "swiss"]
[EventCountry "GEO"]
[SourceTitle "playchess.com"]
[Source "ChessBase"]
[SourceQuality "1"]
[TimeControl "5400+30"]

1. e4 e5 2. Bc4 Nf6 3. Nc3 Nc6 4. d3 Na5 5. Bb3 Nxb3 6. axb3 d5 7. exd5 Nxd5 8. Qh5 Qd6 9. Ne4 Qe6 10. Bd2 Bb4 11. c3 Bd6 12. Ne2 Nf6 13. Nxf6+ Qxf6 14. b4 Qf5 15. Qxf5 Bxf5 16. d4 O-O 17. Be3 Bd3 18. Kd2 Bc4 19. Rhe1 Rfd8 20. Kc2 exd4 21. Nxd4 c5 22. bxc5 Bxc5 23. Nf3 Bd3+ 24. Kb3 Bxe3 25. Rxe3 a6 26. Re7 Rab8 27. Rae1 Kf8 28. Rc7 Rdc8 29. Ree7 Rxc7 30. Rxc7 Be4 31. Ne5 Bd5+ 32. c4 Be6 33. Nd7+ Bxd7 34. Rxd7 b5 35. c5 a5 36. Kc3 Ke8 37. Ra7 Rc8 38. Kd4 Rd8+ 39. Ke5 Rd2 40. c6 Rxb2 41. Kd6 Rd2+ 42. Kc7 a4 43. Kb8 Rd8+ 44. Kb7 b4 45. Rxa4 b3 46. c7 Rd7 47. Kc6 b2 1-0

[Event "FIDE World Cadets GU12 2022"]
[Site "Batumi"]
[Date "2022.09.21"]
[Round "6.7"]
[White "Goriachkina, Oksana"]
[Black "Vizcarra Quispe, Ramalia Bellaluz"]
[Result "1-0"]
[ECO "E14"]
[WhiteElo "1748"]
[BlackElo "1429"]
[Annotator "NA RC COMBH"]
[PlyCount "43"]
[EventDate "2022.09.16"]
[EventType "swiss"]
[EventCountry "GEO"]
[SourceTitle "playchess.com"]
[Source "ChessBase"]
[SourceQuality "1"]
[TimeControl "5400+30"]

1. d4 d5 2. c4 c5 3. e3 Nf6 4. Nf3 e6 5. Nc3 Be7 6. Be2 O-O 7. O-O b6 8. b3 Bb7 9. Bb2 Nbd7 10. Rc1 a6 11. cxd5 exd5 12. Ne5 Ne4 13. Nxe4 dxe4 14. Nxd7 Qxd7 15. dxc5 Qxd1 16. Rfxd1 Bxc5 17. Bd4 Bxd4 18. Rxd4 Rfd8 19. Rxd8+ Rxd8 20. Rc7 Rc8 21. Rxb7 Rc1+ 22. Bf1 1-0

[Event "FIDE World Cadets GU12 2022"]
[Site "Batumi"]
[Date "2022.09.21"]
[Round "6.8"]
[White "Altynbek, Aiaru"]
[Black "Huseynova, Lala"]
[Result "1-0"]
[ECO "E08"]
[WhiteElo "1373"]
[BlackElo "1702"]
[Annotator "NA RC COMBH"]
[PlyCount "72"]
[EventDate "2022.09.16"]
[EventType "swiss"]
[EventCountry "GEO"]
[SourceTitle "playchess.com"]
[Source "ChessBase"]
[SourceQuality "1"]
[TimeControl "5400+30"]

1. d4 d5 2. c4 e6 3. Nf3 Nf6 4. g3 Bb4+ 5. Bd2 Be7 6. Bg2 c6 7. O-O O-O 8. Qc2 b6 9. Bf4 Bb7 10. Nc3 Nbd7 11. Rfd1 Rc8 12. Ne5 dxc4 13. Nxc4 Nd5 14. Nd6 Bxd6 15. Bxd6 Re8 16. e4 Nc7 17. a4 Nf6 18. Ba3 Na6 19. e5 Nd5 20. Ne4 Rb8 21. Nd6 Re7 22. Qc4 b5 23. axb5 cxb5 24. Qxb5 Bc8 25. Qa4 Ndb4 26. Nxc8 Qxc8 27. Bf1 Rd7 28. Rdc1 Qb7 29. Bxa6 Nxa6 30. Bd6 Rxd6 31. exd6 Nb4 32. Qxa7 Qb5 33. Ra5 Qe8 34. d7 Qd8 35. Qxb8 Qxb8 36. Rc8+ Qxc8 1-0

[Event "FIDE World Cadets GU12 2022"]
[Site "Batumi"]
[Date "2022.09.21"]
[Round "6.10"]
[White "Abramkina, Veranika"]
[Black "Gan, Emily Cathay"]
[Result "1-0"]
[ECO "B07"]
[WhiteElo "1445"]
[BlackElo "1550"]
[Annotator "NA RC COMBH"]
[PlyCount "37"]
[EventDate "2022.09.16"]
[EventType "swiss"]
[EventCountry "GEO"]
[SourceTitle "playchess.com"]
[Source "ChessBase"]
[SourceQuality "1"]
[TimeControl "5400+30"]

1. d4 Nf6 2. Nf3 g6 3. Nbd2 Bg7 4. e4 d6 5. Be2 O-O 6. O-O e5 7. dxe5 dxe5 8. Nxe5 Nxe4 9. Nxf7 Rxf7 10. Nxe4 Rd7 11. Bc4+ Kh8 12. Ng5 Qe8 13. Qf3 h6 14. Ne6 Nc6 15. Nxg7 Rxg7 16. Bxh6 Re7 17. Qf6+ Kh7 18. Bf8 Rd7 19. Qh4# 1-0

[Event "FIDE World Cadets GU12 2022"]
[Site "Batumi"]
[Date "2022.09.21"]
[Round "6.11"]
[White "Krkyasharyan, Sona"]
[Black "Khafizova, Diana"]
[Result "0-1"]
[ECO "A41"]
[WhiteElo "1484"]
[BlackElo "1411"]
[Annotator "NA RC COMBH"]
[PlyCount "92"]
[EventDate "2022.09.16"]
[EventType "swiss"]
[EventCountry "GEO"]
[SourceTitle "playchess.com"]
[Source "ChessBase"]
[SourceQuality "1"]
[TimeControl "5400+30"]

1. d4 d6 2. c4 e5 3. d5 f5 4. Nc3 Nf6 5. Nf3 g6 6. b3 Bg7 7. Bb2 O-O 8. e3 Nbd7 9. Be2 Nc5 10. O-O a5 11. a3 Bd7 12. b4 Nce4 13. Nxe4 Nxe4 14. Nd2 Nxd2 15. Qxd2 b6 16. Rfc1 f4 17. e4 f3 18. Bxf3 Rxf3 19. gxf3 Qh4 20. Re1 Bh6 21. Qd3 Bh3 22. f4 Bxf4 23. Re3 Bxh2+ 24. Kh1 Bg4 25. Kg2 Rf8 26. Rf1 Bf4 27. Rh3 Bxh3+ 28. Qxh3 Qxh3+ 29. Kxh3 axb4 30. axb4 Bd2 31. b5 Rf3+ 32. Kg2 Rb3 33. Bc1 Bxc1 34. Rxc1 Kg7 35. f3 Kf6 36. Kg3 Kg5 37. Rc2 h5 38. Rc1 h4+ 39. Kg2 Kf4 40. Rf1 h3+ 41. Kh2 Rxf3 42. Ra1 Rc3 43. Ra7 Rxc4 44. Kxh3 g5 45. Ra8 Rc3+ 46. Kg2 Kxe4 0-1

[Event "FIDE World Cadets GU12 2022"]
[Site "Batumi"]
[Date "2022.09.21"]
[Round "6.13"]
[White "Preobrazhenskaya, Diana"]
[Black "Shimanskaia, Tatiana"]
[Result "1-0"]
[ECO "B92"]
[WhiteElo "1994"]
[BlackElo "1353"]
[Annotator "TA"]
[PlyCount "69"]
[EventDate "2022.09.16"]
[EventType "swiss"]
[EventCountry "GEO"]
[SourceTitle "playchess.com"]
[Source "ChessBase"]
[SourceQuality "1"]
[TimeControl "5400+30"]

1. e4 c5 2. Nf3 d6 3. d4 cxd4 4. Nxd4 Nf6 5. Nc3 a6 6. Be2 e5 7. Nb3 Be7 8. O-O O-O 9. Kh1 b6 10. f4 Bb7 11. Bf3 {[%emt 0:01:30] B92: Sicilian Najdorf: 6 Be2.} Nbd7 12. Qe1 Re8 {[%emt 0:08:30] [#]} 13. f5 $146 {[%emt 0:17:30] Black is slightly better.} ({Predecessor:} 13. Qg3 b5 14. a3 Rc8 15. Be3 a5 16. fxe5 dxe5 17. Bh6 g6 18. Qf2 b4 19. axb4 axb4 {0-1 (28) Wallace,J (2370)-Dzevlan,M (2395) Stockholm 1996}) 13... d5 ({Better is} 13... b5 $15) 14. exd5 $11 {[%emt 0:09:30][%cal Od5d6] Black must now prevent d6!} Bb4 (14... e4 $5 15. Nxe4 (15. Bxe4 $2 Bb4 $19) 15... Bxd5 $11) 15. Qg3 e4 (15... Bxc3 16. Bh6 g6 17. bxc3 $14) 16. Bh6 Bf8 17. Be2 Nxd5 (17... b5 $11) 18. Nxd5 $16 Bxd5 19. Rad1 $40 {[%emt 0:07:30][%mdl 128] White has strong attack. White is much more active.} Bxb3 (19... Qb8 $16 {is tougher.}) 20. Bxg7 ({Not} 20. cxb3 Qb8 $14) (20. Rxd7 $142 Qxd7 21. Bxg7) 20... Bxg7 $18 21. Rxd7 (21. f6 $1 $18 Qxf6 22. Rxf6 Nxf6 23. axb3 (23. cxb3 e3 $18)) 21... Qf6 $16 (21... Qxd7 $2 {gets mated.} 22. f6) 22. Qxb3 {[%emt 0:00:50][%cal Od7f7] Hoping for Rxf7!} Red8 $2 {[%emt 0:02:44][%mdl 8192] [#]} (22... b5 $16) 23. Rxf7 $3 $18 Qxf7 24. Bc4 Rf8 25. f6 Bh6 26. Qg3+ {[%emt 0:01:44][%mdl 64] Deflection} Kh8 27. Bxf7 Rxf7 28. Qh4 Bf8 29. Qxe4 Rd8 30. Qe6 Rfd7 31. f7 {[%emt 0:00:47] White wants to mate with Qe5+.} Rd1 32. Qf6+ Bg7 33. f8=Q+ Rxf8 34. Qxf8+ Bxf8 35. Rxd1 {[%emt 0:00:00] Weighted Error Value: White=0.53/Black=0.60} 1-0

[Event "FIDE World Cadets GU12 2022"]
[Site "Batumi"]
[Date "2022.09.21"]
[Round "6.14"]
[White "Assylkhan, Asiya"]
[Black "Aravindakshan, Sahana"]
[Result "1-0"]
[ECO "A48"]
[WhiteElo "1424"]
[BlackElo "1776"]
[Annotator "NA RC COMBH"]
[PlyCount "68"]
[EventDate "2022.09.16"]
[EventType "swiss"]
[EventCountry "GEO"]
[SourceTitle "playchess.com"]
[Source "ChessBase"]
[SourceQuality "1"]
[TimeControl "5400+30"]

1. d4 Nf6 2. Bf4 g6 3. c3 Bg7 4. h3 O-O 5. Nd2 d6 6. e4 Nbd7 7. Ngf3 Re8 8. e5 dxe5 9. dxe5 Nd5 10. Bh2 f6 11. Nc4 c6 12. a4 fxe5 13. Ncxe5 Nxe5 14. Nxe5 Rf8 15. Bc4 Be6 16. O-O Qe8 17. Qb3 Qc8 18. Rfe1 Kh8 19. Re2 Bg8 20. Rae1 e6 21. Qc2 Ne7 22. Re4 Nf5 23. Nf3 e5 24. Bxg8 Kxg8 25. Qb3+ Kh8 26. Nxe5 Qe8 27. R4e2 b6 28. Rd2 h6 29. Qc4 Kh7 30. Qxc6 Bxe5 31. Rd7+ Ng7 32. Rxe5 Qc8 33. Qxc8 Raxc8 34. Ree7 Rg8 1-0

[Event "FIDE World Cadets GU12 2022"]
[Site "Batumi"]
[Date "2022.09.21"]
[Round "6.15"]
[White "Sordia, Marta"]
[Black "Alfano, Emilie"]
[Result "1/2-1/2"]
[ECO "C54"]
[WhiteElo "1363"]
[BlackElo "1712"]
[Annotator "NA RC COMBH"]
[PlyCount "104"]
[EventDate "2022.09.16"]
[EventType "swiss"]
[EventCountry "GEO"]
[SourceTitle "playchess.com"]
[Source "ChessBase"]
[SourceQuality "1"]
[TimeControl "5400+30"]

1. e4 e5 2. Nf3 Nc6 3. Bc4 Bc5 4. c3 Nf6 5. d4 exd4 6. e5 d5 7. Bb5 Ne4 8. cxd4 Bb6 9. Nc3 O-O 10. h3 Nxc3 11. bxc3 f6 12. O-O Bd7 13. Bxc6 Bxc6 14. a4 Ba5 15. Ba3 Re8 16. Bb4 Bxb4 17. cxb4 Bd7 18. Qd3 Rf8 19. Rfe1 Qe7 20. Qb3 Be6 21. Re3 fxe5 22. Nxe5 Qh4 23. Nf3 Qf6 24. Rae1 Rae8 25. R1e2 c6 26. Ne5 Bf5 27. b5 Rb8 28. g4 Be6 29. Nxc6 bxc6 30. Rxe6 Qxd4 31. Rxc6 Rbe8 32. Qc2 Rxe2 33. Qxe2 Qxa4 34. Qe6+ Kh8 35. Rc8 Qd1+ 36. Kh2 Qf3 37. Rxf8+ Qxf8 38. Qxd5 Qxf2+ 39. Qg2 Qxg2+ 40. Kxg2 Kg8 41. Kf3 Kf7 42. Ke4 Ke6 43. h4 Kd6 44. Kd4 Kc7 45. h5 Kd6 46. g5 g6 47. h6 Kc7 48. Kc5 Kd7 49. Kd5 Kc7 50. Ke6 Kd8 51. Kd6 Kc8 52. Kc6 Kb8 1/2-1/2

[Event "FIDE World Cadets GU12 2022"]
[Site "Batumi"]
[Date "2022.09.21"]
[Round "6.16"]
[White "Kiss, Inez"]
[Black "Silva, Juliana Figueira The"]
[Result "1-0"]
[ECO "B94"]
[WhiteElo "1544"]
[BlackElo "1328"]
[Annotator "NA RC COMBH"]
[PlyCount "59"]
[EventDate "2022.09.16"]
[EventType "swiss"]
[EventCountry "GEO"]
[SourceTitle "playchess.com"]
[Source "ChessBase"]
[SourceQuality "1"]
[TimeControl "5400+30"]

1. e4 c5 2. Nf3 d6 3. d4 cxd4 4. Nxd4 Nf6 5. Nc3 a6 6. Bg5 Nbd7 7. Bc4 Qc7 8. Bb3 b5 9. a3 e6 10. f4 Bb7 11. Qe2 Be7 12. f5 e5 13. Nf3 h6 14. Bxf6 Nxf6 15. O-O-O Bc6 16. h3 Qb7 17. Nd5 Nxd5 18. Bxd5 Bxd5 19. Rxd5 b4 20. Qc4 bxa3 21. Qa4+ Qd7 22. Qxa3 f6 23. Nh4 O-O 24. Ng6 Rfd8 25. Rhd1 Kf7 26. Qb3 Rab8 27. Rb5+ d5 28. Rxb8 Rxb8 29. Qxb8 Qa4 30. Nh8# 1-0

[Event "FIDE World Cadets GU12 2022"]
[Site "Batumi"]
[Date "2022.09.21"]
[Round "6.17"]
[White "Derlich, Sarah Sima"]
[Black "Rathnayake, R M Dulinma Hemalni"]
[Result "0-1"]
[ECO "B52"]
[WhiteElo "1490"]
[BlackElo "1321"]
[Annotator "NA RC COMBH"]
[PlyCount "86"]
[EventDate "2022.09.16"]
[EventType "swiss"]
[EventCountry "GEO"]
[SourceTitle "playchess.com"]
[Source "ChessBase"]
[SourceQuality "1"]
[TimeControl "5400+30"]

1. e4 c5 2. Nf3 d6 3. Bb5+ Bd7 4. Bxd7+ Qxd7 5. c4 Qg4 6. O-O Nc6 7. Nc3 g6 8. d4 cxd4 9. Nxd4 Qxd1 10. Rxd1 Nxd4 11. Rxd4 Rc8 12. b3 Bg7 13. Rd3 b5 14. cxb5 Rxc3 15. Bb2 Rxd3 16. Bxg7 f6 17. Bxh8 Rc3 18. f4 Kf7 19. Rd1 Nh6 20. e5 Rc8 21. exd6 Rxh8 22. dxe7 Kxe7 23. Rd4 Rd8 24. Rxd8 Kxd8 25. a4 Kc7 26. a5 Nf5 27. Kf2 Nd4 28. Ke3 Nxb3 29. g4 Nxa5 30. Ke4 Kd6 31. h4 Nc4 32. f5 gxf5+ 33. Kxf5 Ke7 34. Ke4 Nd6+ 35. Kd5 Nxb5 36. Kc6 Nd4+ 37. Kd5 Nf3 38. h5 Ne5 39. g5 a5 40. gxf6+ Kxf6 41. Kc5 Kg5 42. Kb5 Nc6 43. h6 Kxh6 0-1

[Event "FIDE World Cadets GU12 2022"]
[Site "Batumi"]
[Date "2022.09.21"]
[Round "6.18"]
[White "Belaya, Liliya"]
[Black "Hariharan, Shambavi"]
[Result "0-1"]
[ECO "B18"]
[WhiteElo "1266"]
[BlackElo "1465"]
[Annotator "NA RC COMBH"]
[PlyCount "104"]
[EventDate "2022.09.16"]
[EventType "swiss"]
[EventCountry "GEO"]
[SourceTitle "playchess.com"]
[Source "ChessBase"]
[SourceQuality "1"]
[TimeControl "5400+30"]

1. e4 c6 2. d4 d5 3. Nc3 dxe4 4. Nxe4 Bf5 5. Ng3 Bg6 6. Nf3 Nd7 7. Bd3 e6 8. O-O Ngf6 9. Re1 Bd6 10. Nf5 Bxf5 11. Bxf5 O-O 12. Bd3 c5 13. c3 Qc7 14. h3 Rfe8 15. Bd2 Rad8 16. Rc1 Qb6 17. Qc2 Qc7 18. b3 a6 19. a4 Rc8 20. Qb1 Qb6 21. Ng5 g6 22. Nf3 cxd4 23. cxd4 Nd5 24. Bc4 N7f6 25. Re2 Qa7 26. Rce1 Qb8 27. Ng5 b5 28. axb5 axb5 29. Bd3 Bf4 30. Ne4 Nxe4 31. Bxe4 Bxd2 32. Rxd2 Qf4 33. Rc2 Nc3 34. Rxc3 Rxc3 35. g3 Qf6 36. Qd1 Rd8 37. d5 exd5 38. Bxd5 Kg7 39. Re4 Qg5 40. Qd4+ Qf6 41. Qd2 Rc5 42. Rd4 Qd6 43. Qb2 f6 44. Qe2 Rxd5 45. Rxd5 Qxd5 46. Qe7+ Kg8 47. Qxf6 Rf8 48. Qc3 Qf3 49. Qc2 Rd8 50. Kh2 Rd1 51. Qc8+ Kg7 52. Qc7+ Kh6 0-1

[Event "FIDE World Cadets GU12 2022"]
[Site "Batumi"]
[Date "2022.09.21"]
[Round "6.19"]
[White "Vlasova, Mariya N"]
[Black "Valiyeva, Asnad"]
[Result "1/2-1/2"]
[ECO "A07"]
[WhiteElo "1456"]
[BlackElo "1265"]
[Annotator "NA RC COMBH"]
[PlyCount "128"]
[EventDate "2022.09.16"]
[EventType "swiss"]
[EventCountry "GEO"]
[SourceTitle "playchess.com"]
[Source "ChessBase"]
[SourceQuality "1"]
[TimeControl "5400+30"]

1. Nf3 d5 2. g3 Nf6 3. Bg2 Bf5 4. O-O e6 5. d3 Be7 6. Nbd2 h6 7. b3 O-O 8. Bb2 Nbd7 9. Qe1 c6 10. e4 Bh7 11. e5 Ne8 12. Nd4 Nc7 13. f4 Nc5 14. f5 exf5 15. Nxf5 Bxf5 16. Rxf5 N5e6 17. Kh1 f6 18. Qf2 fxe5 19. Bxe5 Bc5 20. Rxf8+ Qxf8 21. Qxf8+ Rxf8 22. Rf1 Bd4 23. Rxf8+ Kxf8 24. Bd6+ Ke8 25. Nf3 Bc3 26. Bh3 Nb5 27. Bb8 Nd8 28. a4 Na3 29. Bxa7 Nxc2 30. Bc5 Bb4 31. Bxb4 Nxb4 32. Bf5 Ke7 33. d4 Kd6 34. Kg2 b6 35. Kf2 Nb7 36. Ke3 Na5 37. Kd2 c5 38. Kc3 Nbc6 39. Bc2 Nxd4 40. Nxd4 cxd4+ 41. Kxd4 Nc6+ 42. Kc3 Kc5 43. Bd3 d4+ 44. Kb2 Kb4 45. Be2 Na5 46. Bd1 d3 47. h3 Nc6 48. Bh5 d2 49. Kc2 Nd4+ 50. Kxd2 Nxb3+ 51. Ke3 Kxa4 52. Ke4 Nc5+ 53. Kf5 b5 54. Be8 Ka5 55. Kg6 Ne4 56. g4 Nf2 57. Kxg7 Nxh3 58. Kxh6 b4 59. Kh5 b3 60. Bf7 Kb4 61. Kh4 Nf4 62. Kg3 Nd3 63. g5 Ne5 64. Bd5 b2 1/2-1/2

[Event "FIDE World Cadets GU12 2022"]
[Site "Batumi"]
[Date "2022.09.25"]
[Round "9.1"]
[White "Mgeladze, Kesaria"]
[Black "Shubhi Gupta"]
[Result "0-1"]
[ECO "C45"]
[WhiteElo "1771"]
[BlackElo "1733"]
[Annotator "NA RC COMBH"]
[PlyCount "78"]
[EventDate "2022.09.16"]
[EventType "swiss"]
[EventCountry "GEO"]
[SourceTitle "playchess.com"]
[Source "ChessBase"]
[SourceQuality "1"]
[TimeControl "5400+30"]

1. e4 e5 2. Nf3 Nc6 3. d4 exd4 4. Nxd4 Bc5 5. Nb3 Bb6 6. Qe2 d6 7. Be3 Nf6 8. Nc3 O-O 9. O-O-O Re8 10. f3 Ne5 11. Qd2 Bxe3 12. Qxe3 a5 13. a3 Qe7 14. h3 c6 15. g4 b5 16. g5 Nfd7 17. f4 b4 18. Nb1 Ng6 19. Bd3 c5 20. Qg3 Nb6 21. N3d2 Ba6 22. Bxa6 Rxa6 23. h4 c4 24. h5 Nf8 25. c3 Ne6 26. axb4 axb4 27. cxb4 Qa7 28. h6 Nd4 29. Rh2 Ra1 30. hxg7 c3 31. Qh3 cxd2+ 32. Kxd2 Nc4+ 33. Kc1 Ne2+ 34. Rxe2 Qa2 35. Qd3 Rc8 36. Qc2 Rxb1+ 37. Qxb1 Na3+ 38. Qc2 Rxc2+ 39. Rxc2 Qb1+ 0-1